 Dungeon Crawl Stone Soup version 0.23.1 (webtiles) character file.

Game seed: 3113752246007305469

102 kokakoda the Skirmisher (level 4, -9/29 HPs)
             Began as a Gargoyle Fighter on Mar 4, 2019.
             Was an Initiate of Makhleb.
             Killed by divine providence
             ... invoked by an orc priest
              (11 damage)
             ... on level 4 of the Dungeon.
             The game lasted 00:24:26 (3001 turns).

kokakoda the Skirmisher (Gargoyle Fighter)          Turns: 3001, Time: 00:24:26

Health: -9/29      AC: 10    Str: 20    XL:     4   Next: 78%
Magic:  4/4        EV:  7    Int:  8    God:    Makhleb [......]
Gold:   84         SH:  9    Dex: 10    Spells: 3/3 levels left

rFire    . . .     SeeInvis .   a - +0 flail
rCold    . . .     Gourm    .   c - +0 shield
rNeg     + . .     Faith    .   b - +0 scale mail
rPois    ∞         Spirit   .   (no helmet)
rElec    +         Reflect  .   (no cloak)
rCorr    .         Harm     .   (no gloves)
MR       .....                  (no boots)
Stlth    ..........             (no amulet)
HPRegen  0.09/turn              (no ring)
MPRegen  0.09/turn              (no ring)

@: no status effects
A: negative energy resistance 1, electricity resistance, unbreathing,
petrification resistance, rot immunity, AC +3
a: Renounce Religion


You were on level 4 of the Dungeon.
You worshipped Makhleb.
Makhleb was noncommittal.
You were not hungry.

You visited 1 branch of the dungeon, and saw 4 of its levels.

You collected 84 gold pieces.

Inventory:

Hand Weapons
 a - a +0 flail (weapon)
 e - a +0 hand axe
 g - a +0 club
 j - a +0 spear
 k - a +0 dagger
 o - a +0 dagger
 t - a +0 club
 u - a +0 dagger
 v - a +0 dagger of venom
 w - a +0 club
 y - a +0 hand axe
 A - a +0 club
 G - a +0 club
 M - a +0 quarterstaff
 Q - a +0 dagger
 R - a +0 flail
Missiles
 D - 10 poisoned needles
Armour
 b - a +0 scale mail (worn)
 c - a +0 shield (worn)
 f - a +0 ring mail
 l - a +0 robe
 q - a +0 ring mail
 B - a +0 scale mail
 H - a +0 scale mail
 I - a +0 scale mail
 N - a +0 plate armour
 S - a +0 leather armour
 T - a +0 leather armour
Jewellery
 E - an uncursed amulet of magic regeneration
 K - an uncursed amulet of the acrobat
 P - a +3 amulet of reflection {unknown}
Wands
 O - a wand of random effects (16)
Scrolls
 h - 3 scrolls of remove curse
 n - 2 scrolls of enchant weapon {unknown}
 s - 2 scrolls of identify
 z - a scroll of random uselessness {unknown}
 J - a scroll of teleportation
Potions
 d - 2 potions of might
 i - a potion of resistance {unknown}
 m - 3 potions of curing {unknown}
 p - a potion of mutation {unknown}
 r - 2 potions of ambrosia {unknown}
 x - a potion of flight {unknown}
 F - 3 potions of brilliance {unknown}
 L - a potion of heal wounds {unknown}
Comestibles
 C - a ration


   Skills:
 + Level 4.0 Fighting
 + Level 3.0 Maces & Flails
 + Level 4.0 Armour
 + Level 0.3 Dodging
 + Level 0.2 Stealth
 + Level 3.9 Shields


You had 3 spell levels left.
You didn't know any spells.
Your spell library was empty.

Dungeon Overview and Level Annotations

Branches:
Dungeon (4/15)
 Temple: D:4-7

Altars:
Ashenzari
Makhleb
Qazlal
Vehumet

Shops:
D:4 *

Annotations:
D:1 Natasha
D:4 Edmund, Pikel


Innate Abilities, Weirdness & Mutations

You are resistant to torment.
Your stone body is resilient. (AC +3)
You are immune to poison.
You resist negative energy. (rN+)
You are resistant to electric shocks. (rElec)
You can survive without breathing.
You are immune to petrification.
You are immune to rotting.


Message History

The orc wizard hits you but does no damage.
The orc hits the plant but does no damage.
As you read the scroll of teleportation, it crumbles to dust.
You feel strangely unstable.
The orc hits the plant but does no damage.
You block the orc's attack.
The orc wizard hits you but does no damage.
Something hits the plant but does no damage.
The orc hits the plant but does no damage.
Your surroundings suddenly seem different.
An orc priest comes into view. It is wielding a +0 dagger.
The orc priest shouts!
Edmund the Younger comes into view.
He is wielding a +4 flail of protection.
Found a stone staircase leading down.
You barely miss the orc priest.
The orc priest hits you but does no damage.
A worker ant comes into view.
The orc priest invokes the aid of Beogh against you.
Beogh smites you!
You die...

#......o.o.....
#.######oPPP..#
#.# oP∩P.## #.#
.PP..# #.#
.....# #.#
.#...# # #.#
....## .# ###.#
##.#####a####.
#...#
####.###@.......
#.###
#.....o....####.
#.# #.##.###...#
#.# #@..# #.#
#...# #(# #...#
#.# #...# #.#
..... #.# ....##


You could see Edmund, a worker ant (wandering) and an orc priest.

Vanquished Creatures
  Natasha (D:2)
  A shadow imp (D:3)
  2 oozes
  A worm (D:3)
  A dart slug (D:3)
  A leopard gecko (D:1)
  9 orcs
  2 bats
  2 giant cockroaches
  3 goblins
  9 hobgoblins
  2 jackals (D:3)
  A quokka (D:2)
  4 frilled lizards
  2 kobolds (D:2)
  4 rats
45 creatures vanquished.

Notes
Turn   | Place    | Note
-------+----------+-------------------------------------------
     0 | D:1      | kokakoda the Gargoyle Fighter began the quest for the Orb.
     0 | D:1      | Reached XP level 1. HP: 14/14 MP: 1/1
     6 | D:1      | Noticed a rime drake
     6 | D:1      | Noticed a polar bear
     6 | D:1      | Noticed a water moccasin
     6 | D:1      | Noticed a hound
   101 | D:1      | Reached XP level 2. HP: 18/19 MP: 2/2
   670 | D:1      | Reached XP level 3. HP: 24/24 MP: 3/3
   914 | D:2      | Found a burning altar of Makhleb.
   914 | D:2      | Found a radiant altar of Vehumet.
   924 | D:2      | Became a worshipper of Makhleb the Destroyer
  1566 | D:2      | Noticed Natasha
  1579 | D:2      | Killed Natasha
  1681 | D:2      | Reached XP level 4. HP: 21/29 MP: 4/4
  2078 | D:2      | Noticed Natasha
  2500 | D:3      | Found a stormy altar of Qazlal.
  2502 | D:3      | Noticed an air elemental
  2681 | D:3      | Noticed a fire elemental
  2863 | D:4      | Noticed a slave
  2865 | D:4      | Noticed Pikel
  2866 | D:4      | Noticed a slave
  2866 | D:4      | Noticed a slave
  2869 | D:4      | Noticed a slave
  2882 | D:4      | Found a shattered altar of Ashenzari.
  2982 | D:4      | Found Osow's Assorted Antiques.
  2998 | D:4      | Noticed Edmund
  3001 | D:4      | Killed from afar by an orc priest

Skill      XL: |  1  2  3  4 |
---------------+-------------+-----
Fighting       | 4 |  4.0
Armour         | 4 |  4.0
Maces & Flails | 3 |  3.0
Dodging        | |  0.3
Stealth        | |  0.2
Shields        | |  3.9

Action                   |  1- 3 |  4- 6 || total
-------------------------+-------+-------++-------
Melee: Flail             |   111 |    92 ||   203
  Use: Scroll            |       |     4 ||     4
       Potion            |       |     1 ||     1
  Eat: Ration            |     1 |     1 ||     2
Armor: Scale mail        |    55 |    73 ||   128
Dodge: Dodged            |    35 |    39 ||    74
Block: Shield            |    51 |    73 ||   124
